 Dungeon Crawl Stone Soup version 0.30-a0-385-gfebfb9b408 (webtiles) character file.

Game seed: 3243271417050757375

1960 tio the Reanimator (level 9, 0/61 HPs)
             Began as a Demonspawn Necromancer on Dec 2, 2022.
             Was an Initiate of Hepliaklqana.
             Slain by a killer bee (7 damage)
             ... on level 7 of the Dungeon.
             The game lasted 00:36:56 (6329 turns).

tio the Reanimator (Demonspawn Necromancer)         Turns: 6329, Time: 00:36:57

Health: 0/61       AC:  6    Str: 10    XL:     9   Next: 0%
Magic:  11/19      EV: 12    Int: 22    God:    Hepliaklqana [......]
Gold:   270        SH:  0    Dex: 13    Spells: 17/22 levels left

rFire   . . .      SeeInvis +    f - +1 spear (pain)
rCold   . . .      Faith    .    (no shield)
rNeg    . . .      Spirit   .    s - +2 leather armour of Xitipih {Int+2}
rPois   .          Reflect  .    (no helmet)
rElec   .          Harm     .    (no cloak)
rCorr   .          Rampage  .    (no gloves)
Will    .....                    (no boots)
Stlth   ++........               (no amulet)
HPRegen 1.30/turn                i - ring of see invisible
MPRegen 0.16/turn                u - ring of flight

@: lethally poisoned (0 -> -1), flying, studying Maces & Flails
A: foul stench 1, powered by death 1, sharp scales 1, weakness stinger 2
a: Renounce Religion


You were on level 7 of the Dungeon.
You worshipped Hepliaklqana.
Hepliaklqana was noncommittal.
You visited 2 branches of the dungeon, and saw 8 of its levels.

You collected 270 gold pieces.

Inventory:

Hand Weapons
 f - a +1 spear of pain (weapon)
 j - a +0 long sword
 o - a +0 whip of freezing
Armour
 k - a +1 ring mail
 s - the +2 leather armour of Xitipih (worn) {Int+2}
   (You found it on level 3 of the Dungeon)

   Int:       It affects your intelligence (+2).
Jewellery
 i - a ring of see invisible (left hand)
 u - a ring of flight (right hand)
Wands
 m - a wand of roots (9)
 v - a wand of acid (9)
Scrolls
 d - 2 scrolls of noise
 e - a scroll of amnesia
 g - a scroll of poison
 l - a scroll of enchant armour
 n - 3 scrolls of torment
 w - 2 scrolls of immolation
 x - 2 scrolls of teleportation
 A - 2 scrolls of vulnerability
Potions
 a - a potion of curing
 b - a potion of magic
 c - 2 potions of might
 p - a potion of resistance
 q - a potion of mutation
 r - 2 potions of attraction
 t - a potion of degeneration


   Skills:
 + Level 1.7 Fighting
 + Level 1.3 Polearms
 + Level 2.2 Armour
 + Level 2.7 Dodging
 + Level 2.5 Stealth
 + Level 7.1 Spellcasting
 + Level 9.4 Necromancy


You had 17 spell levels left.
You knew the following spells:

 Your Spells              Type           Power      Damage    Failure   Level
a - Necrotise             Necr           100%       1d9       1%          1
b - Animate Dead          Necr           49%        N/A       2%          4

Your spell library contained the following spells:

 Spells                   Type           Power      Damage    Failure   Level
 Kiss of Death            Conj/Necr      100%       2d13      1%          1
 Vampiric Draining        Necr           49%        2d9       1%          3
 Dispel Undead            Necr           49%        3d18      2%          4
 Agony                    Necr           49%        N/A       6%          5
 Beastly Appendage        Tmut           14%        N/A       11%         1
 Wereblood                Tmut           7%         N/A       16%         2
 Confusing Touch          Hex            7%         N/A       32%         3
 Spider Form              Tmut/Pois      7%         N/A       32%         3


Dungeon Overview and Level Annotations

Branches:
Dungeon (7/15)             Temple (1/1) D:6

Altars:
Ashenzari
Cheibriados
Fedhas
Gozag
Hepliaklqana
Kikubaaqudgha
Makhleb
Nemelex Xobeh
Okawaru
Qazlal
Ru
Sif Muna
Trog
Vehumet
Wu Jian
Xom

Shops:
D:5 (

Portals:
Bailey: D:7


Innate Abilities, Weirdness & Mutations

You may rarely emit foul miasma when damaged in melee.
You regenerate a little health from kills.
You are partially covered in razor-sharp scales. (AC +1, Slay +1)
You have a tail ending in a sharp stinger.


Message History

You feel stronger. x2
You barely miss the killer bee.
The killer bee is severely wounded.
You feel sick. The killer bee closely misses you. The killer bee stings you. x2
* * * LOW HITPOINT WARNING * * *
The killer bee stings you.
* * * LOW HITPOINT WARNING * * *
The killer bee stings you but does no damage.
The killer bee barely misses you.
Aiming: Fastroot
Press: ? - help, Q - select action, (/) - cycle Shift-Dir - straight line
Okay, then.
The killer bee attacks as you move away!
The killer bee barely misses you.
The killer bee attacks as you move away!
The killer bee stings you.
* * * LOW HITPOINT WARNING * * *
You feel sick.
You are no longer poisoned.
The killer bee misses you. The killer bee closely misses you.
The killer bee misses you.
Aiming: Fastroot
Press: ? - help, Q - select action, (/) - cycle Shift-Dir - straight line
Okay, then.
Aiming: Corrosive Bolt
Press: ? - help, Q - select action, (/) - cycle Shift-Dir - straight line, f - killer bee
Aim: a killer bee (43% to hit)
The bolt of acid hits the killer bee!
The acid corrodes the killer bee!
The killer bee is almost dead.
The bolt of acid hits the killer bee!
The killer bee is severely wounded.
The killer bee stings you.
* * * LOW HITPOINT WARNING * * *
You are poisoned.
The killer bee poisons you!
The killer bee stings you but does no damage.
The killer bee stings you.
* * * LOW HITPOINT WARNING * * *
The killer bee stings you!
You die...

#.....###..#..##
...... #...#....
...... #))##.##.
#.... #)....# .#
...## #.#####
#.######)###
..........#
#.......#.# #
..#######@# .#
..<....yy#..#
###..##°yo..#
#...o☼)..##
....##.#### .#.
..# .. ..## .
#.# ..


You could see 3 killer bees and 2 orcs.

Vanquished Creatures
  3 water moccasins
  3 ice beasts
  An orc warrior (D:7)
  A black bear (D:5)
  A phantom (D:5)
  A kobold brigand (D:6)
  Blork the orc (D:5)
  A bullfrog (D:6)
  2 necrophages
  3 scorpions (D:5)
  2 killer bees (D:7)
  2 hounds
  A jelly (D:7)
  An orc priest (D:6)
  Jessica (D:3)
  Ijyb (D:5)
  2 iguanas
  2 orc wizards
  Robin (D:3)
  8 adders
  6 gnolls
  A shadow imp (D:6)
  5 dart slugs
  11 orcs
  4 ball pythons
  2 endoplasms
  A giant cockroach (D:1)
  6 hobgoblins
  2 quokkas
  2 bats
  3 frilled lizards
  15 goblins
  5 kobolds
  4 rats
105 creatures vanquished.

Vanquished Creatures (collateral kills)
  2 orcs (D:4)
  A goblin (D:3)
3 creatures vanquished.

Grand Total: 108 creatures vanquished

Notes
Turn   | Place    | Note
-------+----------+-------------------------------------------
     0 | D:1      | tio the Demonspawn Necromancer began the quest for the Orb.
     0 | D:1      | Reached XP level 1. HP: 13/13 MP: 3/3
   215 | D:1      | You fall into a shaft and drop 1 floor!
   452 | D:2      | Gained mutation: You are partially covered in razor-sharp
                  | scales. (AC +1, Slay +1) [demonic ancestry]
   452 | D:2      | Reached XP level 2. HP: 16/19 MP: 0/5
   549 | D:2      | Reached skill level 5 in Necromancy
  1114 | D:2      | Gained mutation: You have a small tail. [demonic ancestry]
  1114 | D:2      | Reached XP level 3. HP: 24/24 MP: 2/6
  1535 | D:3      | Noticed Jessica
  1536 | D:3      | Reached XP level 4. HP: 19/30 MP: 6/8
  1828 | D:3      | Killed Jessica
  1973 | D:3      | Noticed Robin
  1979 | D:3      | Killed Robin
  2086 | D:3      | Identified the +2 leather armour of Xitipih {Int+2}
  2222 | D:3      | Gained mutation: You regenerate a little health from kills.
                  | [demonic ancestry]
  2222 | D:3      | Reached XP level 5. HP: 35/35 MP: 7/10
  2617 | D:4      | Reached skill level 6 in Necromancy
  3057 | D:4      | Reached XP level 6. HP: 41/41 MP: 5/12
  3381 | D:5      | Entered Level 5 of the Dungeon
  3391 | D:5      | Reached skill level 1 in Armour
  3436 | D:5      | Noticed Ijyb
  3444 | D:5      | Killed Ijyb
  3555 | D:5      | Noticed Blork the orc
  3565 | D:5      | Killed Blork the orc
  3566 | D:5      | Reached skill level 7 in Necromancy
  3566 | D:5      | Gained mutation: You may rarely emit foul miasma when
                  | damaged in melee. [demonic ancestry]
  3566 | D:5      | Reached XP level 7. HP: 36/47 MP: 4/13
  3775 | D:5      | Reached skill level 5 in Spellcasting
  4097 | D:5      | Reached skill level 1 in Polearms
  4185 | D:5      | Found a burning altar of Makhleb.
  4185 | D:5      | Noticed an Executioner
  4419 | D:5      | Learned a level 4 spell: Animate Dead
  4473 | D:5      | Reached skill level 1 in Fighting
  4522 | D:5      | Found Tumasoth's Weapon Shop.
  4610 | D:5      | Gained mutation: You have a tail ending in a sharp stinger.
                  | [demonic ancestry]
  4610 | D:5      | Reached XP level 8. HP: 54/54 MP: 10/16
  4891 | D:5      | Noticed a hellwing
  4960 | D:6      | Reached skill level 8 in Necromancy
  5359 | D:6      | Found a staircase to the Ecumenical Temple.
  5365 | Temple   | Entered the Ecumenical Temple
  5796 | D:6      | Reached skill level 9 in Necromancy
  6110 | Temple   | Became a worshipper of Hepliaklqana the Forgotten
  6136 | D:7      | Found a flagged portal.
  6327 | D:7      | Reached XP level 9. HP: 27/61 MP: 11/19
  6329 | D:7      | Slain by a killer bee

Illustrated notes

Levels and vault maps discovered:
D:1:      lemuel_arrival_cross, layout_loops_ring,
          shapermc_ecumenical_altar_petra
D:2:      minmay_alternating_diamond, layout_loops_corners
D:3:      layout_basic, uniq_robin, uniq_jessica
D:4:      layout_rooms
D:5:      cheibrodos_iron_armory, layout_loops_ring, zin_scriptorium,
          makhleb_altar_promises_db, serial_shops,
          nicolae_shop_bloodbath_and_beyond, uniq_ijyb, uniq_blork_the_orc
D:6:      layout_cave_pods, minmay_temple_entry_enclosed_plants, nicolae_titane
D:7:      layout_basic, dk_yredelemnul_ordeal, enter_bailey_3, glass_columns_b
Temple:   sentei_temple_godly_chess

Skill      XL: |  1  2  3  4  5  6  7  8 |
---------------+-------------------------+-----
Necromancy     | 5 6 7 9 |  9.4
Spellcasting   | 3 4 5 7 |  7.1
Dodging        | 2 |  2.7
Armour         | 1 2 |  2.2
Stealth        | 2 |  2.5
Polearms       | 1 |  1.3
Fighting       | 1 |  1.7

Action                   |  1- 3 |  4- 6 |  7- 9 || total
-------------------------+-------+-------+-------++-------
Melee: Unarmed           |     5 |       |       ||     5
       Short sword       |     1 |       |       ||     1
       Long sword        |     3 |       |       ||     3
       Tailslap          |     1 |     8 |     5 ||    14
       Spear             |       |    42 |    48 ||    90
       Punch             |       |       |     1 ||     1
 Cast: Necrotise         |    39 |    73 |   133 ||   245
       Animate Dead      |       |       |     2 ||     2
Evoke: Wand              |       |       |     2 ||     2
  Use: Scroll            |     8 |     8 |     3 ||    19
       Potion            |       |     1 |     3 ||     4
Armor: Robe              |     3 |       |       ||     3
       Ring mail         |     1 |     5 |       ||     6
       Leather armour    |       |    20 |    44 ||    64
Dodge: Dodged            |    11 |    30 |    97 ||   138

Table legend: (Time is in decaauts)
 A = Elapsed time spent in this place.
 B = Non-inter-level travel time spent in this place.
 C = Inter-level travel time spent in this place.
 D = Time resting spent in this place.
 E = Time spent auto-exploring this place.
 F = Levels seen in this place.
 G = Mean time per level.
                   A        B        C        D        E       F      G
               +--------+--------+--------+--------+--------+-----+--------+
         Total |   6345 |   5883 |    462 |      0 |   5069 |   8 |  793.1 |
       Dungeon |   6305 |   5866 |    439 |      0 |   5067 |   7 |  900.7 |
        Temple |     40 |     17 |     23 |      0 |      2 |   1 |   40.0 |
               +--------+--------+--------+--------+--------+-----+--------+

Top non-repeatable levels by time:
     D:5: 1574 daAuts
     D:2: 1432 daAuts
     D:6: 1150 daAuts
     D:3: 957 daAuts
     D:4: 782 daAuts
     D:1: 215 daAuts
     D:7: 192 daAuts
  Temple: 40 daAuts
